 Dungeon Crawl Stone Soup version 0.20.1-1-g8b1a95d (webtiles) character file.

147 wolfsongas the Cudgeler (level 5, -3/41 HPs)
             Began as a Demonspawn Fighter on Aug 3, 2017.
             Was an Initiate of Ashenzari.
             Slain by derath95's ghost (6 damage)
             ... on level 3 of the Dungeon.
             The game lasted 00:06:30 (1671 turns).

wolfsongas the Cudgeler (Demonspawn Fighter)        Turns: 1671, Time: 00:06:31

Health: -3/41      AC:  6    Str: 17    XL:     5   Next: 7%
Magic:  5/5        EV: 12    Int:  9    God:    Ashenzari [......]
Gold:   112        SH:  9    Dex: 18    Spells: 4/4 levels left

rFire    . . .     SeeInvis .   q - +3 spear (vamp) (curse)
rCold    . . .     Gourm    +   c - +0 shield
rNeg     + . .     Faith    .   b - +0 scale mail
rPois    .         Spirit   .   (no helmet)
rElec    .         Reflect  .   (no cloak)
rCorr    .         Harm     .   (no gloves)
MR       .....                  (no boots)
Stlth    +.........             h - amulet of the gourmand
Regen    0.2/turn               g - +1 ring of evasion (curse)
MPRegen  0.1/turn               k - ring of positive energy

@: agile
A: powered by death 2, spiny 1
a: Curse Item, Renounce Religion


You were on level 3 of the Dungeon.
You worshipped Ashenzari.
Ashenzari was noncommittal.
You were not hungry.

You visited 1 branch of the dungeon, and saw 3 of its levels.

You collected 112 gold pieces.

Inventory:

Hand Weapons
 a - a +1 flail
 q - a cursed +3 vampiric spear (weapon)
Armour
 b - a +0 scale mail (worn)
 c - a +0 shield (worn)
 i - a +0 plate armour
Jewellery
 g - a cursed +1 ring of evasion (left hand)
 h - an amulet of the gourmand (around neck)
 k - a ring of positive energy (right hand)
Scrolls
 e - a scroll of amnesia
 l - a scroll of recharging
 n - a scroll of teleportation
 r - a scroll of immolation {unknown}
Potions
 j - a potion of heal wounds
 m - a potion of degeneration {unknown}
 o - a potion of mutation {unknown}
 p - a potion of curing


   Skills:
 - Level 3.0 Fighting
 - Level 4.5 Maces & Flails
 * Level 1.3 Polearms
 - Level 2.6 Armour
 - Level 2.6 Shields


You had 4 spell levels left.
You didn't know any spells.

Dungeon Overview and Level Annotations

Branches:
Dungeon (3/15)

Altars:
Ashenzari
Dithmenos
Gozag
Kikubaaqudgha

Annotations:
D:3 derath95's ghost, amateur FoFi


Innate Abilities, Weirdness & Mutations

You regenerate health from kills.
You are partially covered in sharp spines.


Message History

Derath95's ghost is heavily damaged.
Derath95's ghost hits you.
* * * LOW HITPOINT WARNING * * *
You block derath95's ghost's attack.
You hit derath95's ghost.
Derath95's ghost is heavily damaged.
You block derath95's ghost's attack.
You closely miss derath95's ghost.
Derath95's ghost is heavily damaged.
Derath95's ghost barely misses you.
You hit derath95's ghost but do no damage.
Derath95's ghost is heavily damaged.
Derath95's ghost hits you but does no damage.
You barely miss derath95's ghost.
Derath95's ghost is heavily damaged.
You block derath95's ghost's attack.
You hit derath95's ghost but do no damage.
Derath95's ghost is heavily damaged.
Derath95's ghost hits you.
You die...

## #. ## .. #.# ..
.##.###### .#
##........# .#
......##.####.####
#........@W.....#
#.####.####.##.# .
#...†..# .# .#
#.###### .# .#
##'## .. .#
##...## #W .#
##.....## w. .#
##.......# ..
.####.........#


You could see derath95's ghost.

Vanquished Creatures
  5 adders
  4 gnolls (D:2)
  2 worms
  2 dart slugs
  2 leopard geckos
  7 bats
  6 goblins
  3 hobgoblins
  5 jackals (D:2)
  10 kobolds
  4 frilled lizards
  3 rats
53 creatures vanquished.

Notes
Turn   | Place    | Note
-------+----------+-------------------------------------------
     0 | D:1      | wolfsongas the Demonspawn Fighter began the quest for the Orb.
     0 | D:1      | Reached XP level 1. HP: 18/18 MP: 1/1
    54 | D:1      | Reached skill level 2 in Maces & Flails
   239 | D:1      | Gained mutation: You regenerate a little health from kills. [demonic ancestry]
   239 | D:1      | Reached XP level 2. HP: 24/24 MP: 2/2
   386 | D:1      | Found a shattered altar of Ashenzari.
   418 | D:1      | Reached skill level 3 in Maces & Flails
   487 | D:1      | Became a worshipper of Ashenzari the Shackled
   624 | D:2      | Gained mutation: You regenerate health from kills. [demonic ancestry]
   624 | D:2      | Reached XP level 3. HP: 22/29 MP: 3/3
   920 | D:2      | Reached XP level 4. HP: 35/35 MP: 4/4
   939 | D:2      | Found an opulent altar of Gozag.
   983 | D:2      | Reached skill level 4 in Maces & Flails
  1090 | D:2      | Found a shadowy altar of Dithmenos.
  1090 | D:2      | Found an ancient bone altar of Kikubaaqudgha.
  1630 | D:3      | Reached skill level 1 in Polearms
  1638 | D:3      | Noticed derath95's ghost (amateur FoFi)
  1647 | D:3      | Gained mutation: You are partially covered in sharp spines. [demonic ancestry]
  1647 | D:3      | Reached XP level 5. HP: 37/41 MP: 5/5
  1671 | D:3      | Slain by derath95's ghost

Skill      XL: |  1  2  3  4 |
---------------+-------------+-----
Maces & Flails | 2 3 4 |  4.5
Polearms       | 1 |  1.3
Fighting       | |  3.0
Armour         | |  2.6
Shields        | |  2.6

Action                   |  1- 3 |  4- 6 || total
-------------------------+-------+-------++-------
Melee: Flail             |    72 |    86 ||   158
       Spear             |       |    54 ||    54
Invok: Curse Item        |     1 |     1 ||     2
  Use: Scroll            |     5 |     4 ||     9
       Potion            |     2 |     3 ||     5
  Eat: Bread ration      |     2 |     1 ||     3
Armor: Scale mail        |    27 |    84 ||   111
Dodge: Dodged            |    21 |    66 ||    87
Block: Shield            |    35 |    96 ||   131
